 Seeded DCSS version 0.29-a0-23-ga79f92ac9c (webtiles) character file.

Game seed: 10000000000011 (custom seed)

315 knot the Chopper (level 6, 0/42 (47) HPs)
             Began as a Demonspawn Berserker on Jan 31, 2022.
             Was a Believer of Trog.
             Slain by Duvessa (1 damage)
             ... on level 4 of the Dungeon.
             The game lasted 00:02:41 (4098 turns).

knot the Chopper (Demonspawn Berserker)             Turns: 4098, Time: 00:02:45

HP:   0/42 (47)     AC:  2    Str: 17    XL:     6   Next: 19%
MP:   6/6           EV: 12    Int: 10    God:    Trog [**....]
Gold: 112           SH:  0    Dex: 13    Spells: 5/5 levels left

rFire   . . .      SeeInvis .   a - +0 hand axe
rCold   . . .      Faith    .   (no shield)
rNeg    . . .      Spirit   .   b - +0 animal skin
rPois   .          Reflect  .   (no helmet)
rElec   .          Harm     .   (no cloak)
rCorr   .          Rampage  .   (no gloves)
Will    .....                   (no boots)
Stlth   +.........              (no amulet)
HPRegen 0.14/turn               (no ring)
MPRegen 0.20/turn               (no ring)

@: mighty, on berserk cooldown, slowed, heavily drained, very slow
A: magic regeneration, demonic touch 2
a: Renounce Religion, Berserk, Trog's Hand


You were on level 4 of the Dungeon.
You worshipped Trog.
Trog was pleased with you.
You visited 1 branch of the dungeon, and saw 4 of its levels.

You collected 112 gold pieces.

Inventory:

Hand Weapons
 a - a +0 hand axe (weapon)
Missiles
 f - 71 stones (quivered)
 i - 2 poisoned darts
 p - 4 boomerangs
Armour
 b - a +0 animal skin (worn)
Jewellery
 d - an amulet of reflection
Wands
 o - a wand of polymorph (8)
Scrolls
 c - a scroll of amnesia {unknown}
 k - 2 scrolls of identify {unknown}
 m - 2 scrolls of blinking {unknown}
 n - a scroll of fog {unknown}
Potions
 e - a potion of curing {unknown}
 g - a potion of lignification {unknown}


   Skills:
 - Level 3.0 Fighting
 + Level 6.4 Axes
 - Level 1.7 Armour
 - Level 1.7 Dodging


You had 5 spell levels left.
You didn't know any spells.
Your spell library contained the following spells:

 Spells                   Type           Power      Damage    Failure   Level
 Corpse Rot               Necr/Air       0%         N/A       50%         2
 Ensorcelled Hibernation  Hex/Ice        0%         N/A       50%         2
 Passwall                 Tmut/Erth      0%         N/A       50%         2
 Poisonous Vapours        Pois/Air       0%         N/A       50%         2
 Swiftness                Air            0%         N/A       75%         3


Dungeon Overview and Level Annotations

Branches:
Dungeon (4/15)             Temple (0/1) D:4

Altars:

Shops:
D:3 [

Annotations:
D:4 Dowan, Duvessa, Ijyb


Innate Abilities, Weirdness & Mutations

You regenerate magic rapidly.
Your touch may inflict irresistible damage on your foes.


Message History

You slash the goblin!
You kill the goblin!
Trog accepts your kill.
Duvessa, Sister of Dowan comes into view.
She is wielding a +2 short sword of draining.
You are no longer berserk.
You are exhausted.
You feel yourself slow down.
You feel sick.
Duvessa shouts!
Unknown command.
You hit Ijyb.
Ijyb is lightly wounded.
You feel sick.
You are no longer poisoned.
Ijyb zaps a wand.
You resist with some effort. Ijyb completely misses you.
Duvessa hits you with a +2 short sword of draining.
You feel drained.
Duvessa hits you with a +2 short sword of draining.
You feel drained.
Unknown command.
You are too confused!
Unknown command.
You are too confused!
Unknown command.
It was a potion of might.
You feel very mighty all of a sudden.
You feel less confused. Ijyb barely misses you.
Duvessa hits you with a +2 short sword of draining!
* * * LOW HITPOINT WARNING * * *
You feel drained.
* * * LOW HITPOINT WARNING * * *
Ijyb hits you with a +0 club.
* * * LOW HITPOINT WARNING * * *
Okay, then.
You closely miss Ijyb.
Ijyb is lightly wounded.
You barely miss Duvessa.
Duvessa hits you with a +2 short sword of draining!
* * * LOW HITPOINT WARNING * * *
You feel drained.
You die...

#..... #######
......
......####
#####......
..........
#..........
...'..$.#
####.##
.####e.⌠######
.# .# ###'###
.#


You could see Duvessa and Ijyb.

Vanquished Creatures
  An ogre (D:3)
  A scorpion (D:4)
  An orc priest (D:4)
  A centaur skeleton (D:4)
  5 adders
  2 orcs (D:4)
  6 endoplasms
  A giant cockroach (D:1)
  5 goblins
  5 hobgoblins
  14 jackals
  A quokka (D:4)
  2 ball pythons
  7 bats
  5 frilled lizards
  3 kobolds
  5 rats
65 creatures vanquished.

Notes
Turn   | Place    | Note
-------+----------+-------------------------------------------
     0 | D:1      | knot the Demonspawn Berserker began the quest for the Orb.
     0 | D:1      | Reached XP level 1. HP: 18/18 MP: 1/1
   107 | D:1      | Reached skill level 3 in Axes
   199 | D:1      | Gained mutation: You regenerate magic rapidly. [demonic
                  | ancestry]
   199 | D:1      | Reached XP level 2. HP: 24/24 MP: 2/2
  1116 | D:2      | Gained mutation: Your touch may inflict minor irresistible
                  | damage on your foes. [demonic ancestry]
  1116 | D:2      | Reached XP level 3. HP: 29/29 MP: 3/3
  1194 | D:2      | Reached ** piety under Trog
  1234 | D:2      | Reached skill level 4 in Axes
  2242 | D:2      | Reached XP level 4. HP: 26/35 MP: 4/4
  2691 | D:3      | Noticed an ogre
  2702 | D:3      | Killed an ogre
  2703 | D:3      | Reached skill level 5 in Axes
  2703 | D:3      | Reached XP level 5. HP: 24/41 MP: 5/5
  2988 | D:3      | Found Daocsar's Antique Armour Emporium.
  3471 | D:4      | Reached skill level 6 in Axes
  3773 | D:4      | Found a staircase to the Ecumenical Temple.
  3784 | D:4      | Noticed Dowan
  3805 | D:4      | Gained mutation: Your touch may inflict irresistible damage
                  | on your foes. [demonic ancestry]
  3805 | D:4      | Reached XP level 6. HP: 34/47 MP: 6/6
  4086 | D:4      | Noticed Ijyb
  4094 | D:4      | Noticed Duvessa
  4098 | D:4      | HP: 1/43 [Duvessa (7)]
  4098 | D:4      | Slain by Duvessa

Illustrated notes

Levels and vault maps discovered:
D:1:      lordsloth_arrival_two_stooges, layout_basic, grunt_decor_fettered,
          minmay_misc_feat_diagonals, nicolae_concentric_dashed_squares_wild
D:2:      layout_rooms, hangedman_decor_clover_reticule
D:3:      layout_basic, serial_shops, shop, kennysheep_path_1
D:4:      layout_rooms, temple_doors_e, uniq_duvessa, uniq_ijyb

Skill      XL: |  1  2  3  4  5 |
---------------+----------------+-----
Axes           | 3 4 5 6 |  6.4
Fighting       | |  3.0
Armour         | |  1.7
Dodging        | |  1.7

Action                   |  1- 3 |  4- 6 || total
-------------------------+-------+-------++-------
Melee: Hand axe          |   110 |    62 ||   172
       Touch             |     5 |    10 ||    15
       Punch             |       |     1 ||     1
Invok: Berserk           |     2 |     4 ||     6
       Trog's Hand       |       |     1 ||     1
  Use: Potion            |       |     3 ||     3
 Stab: Sleeping          |     1 |       ||     1
Armor: Animal skin       |    20 |    10 ||    30
Dodge: Dodged            |   116 |    33 ||   149

Table legend: (Time is in decaauts)
 A = Elapsed time spent in this place.
 B = Non-inter-level travel time spent in this place.
 C = Inter-level travel time spent in this place.
 D = Time resting spent in this place.
 E = Time spent auto-exploring this place.
 F = Levels seen in this place.
 G = Mean time per level.
                   A        B        C        D        E       F      G
               +--------+--------+--------+--------+--------+-----+--------+
         Total |   4167 |   4117 |     50 |   1573 |   2140 |   4 | 1041.8 |
       Dungeon |   4167 |   4117 |     50 |   1573 |   2140 |   4 | 1041.8 |
               +--------+--------+--------+--------+--------+-----+--------+

Top non-repeatable levels by time:
     D:2: 1497 daAuts
     D:3: 1128 daAuts
     D:1: 1119 daAuts
     D:4: 421 daAuts
